 Dungeon Crawl Stone Soup version 0.29-a0-732-g3d7fbe0af2 (webtiles) character file.

Game seed: 17942352055429551359

8570 riojii the Thaumaturge (level 11, -7/85 HPs)
             Began as a Djinni Air Elementalist on June 29, 2022.
             Was an Initiate of Makhleb.
             Mangled by a cane toad (21 damage)
             ... on level 1 of the Lair of Beasts on June 30, 2022.
             The game lasted 00:13:56 (13286 turns).

riojii the Thaumaturge (Djinni Air Elementalist)   Turns: 13286, Time: 00:13:57

Health: -7/85      AC:  5    Str:  7    XL:     11   Next: 58%
Gold:   425        EV: 12    Int: 21    God:    Makhleb [......] SH:  0 Dex: 14

rFire   + + .      SeeInvis .   (no weapon)
rCold   x . .      Faith    .   (no shield)
rNeg    . . .      Spirit   .   a - +0 robe
rPois   ∞          Reflect  .   i - +0 helmet
rElec   .          Harm     .   (no cloak)
rCorr   .          Rampage  .   p - +1 pair of gloves
Will    +....                   (boots unavailable)
Stlth   ++........              f - amulet of the acrobat
HPRegen 0.24/turn               (no ring)
MPRegen 0.00/turn               (no ring)

@: flying, hasted, very quick
A: sickness immunity, fire resistance 2, cold vulnerability 1, float, innate
caster, HP casting, extra vitality 1
a: Renounce Religion


You were on level 1 of the Lair of Beasts.
You worshipped Makhleb.
Makhleb was noncommittal.
You visited 3 branches of the dungeon, and saw 11 of its levels.

You collected 425 gold pieces.

Inventory:

Armour
 a - a +0 robe (worn)
 i - a +0 helmet (worn)
 n - a +0 leather armour
 p - a +1 pair of gloves (worn)
Jewellery
 f - an amulet of the acrobat (around neck)
Wands
 b - a wand of light (3)
Scrolls
 e - 7 scrolls of teleportation
 q - 2 scrolls of enchant armour
 s - 3 scrolls of fear
Potions
 c - a potion of ambrosia {unknown}
 h - 4 potions of resistance
 j - 6 potions of curing
 k - 4 potions of brilliance
 m - 2 potions of lignification
 o - 2 potions of haste
 t - a potion of mutation {unknown}
 u - a potion of berserk rage {unknown}
 v - a potion of cancellation {unknown}
 z - 2 potions of magic {unknown}


   Skills:
 + Level 10.0 Fighting
 - Level 2.1 Dodging
 - Level 1.5 Stealth
 * Level 11.2 Spellcasting


You had 7 spell levels left.
You knew the following spells:

 Your Spells              Type           Power      Damage    Failure   Level
a - Shock                 Conj/Air       100%       1d9       1%          1
b - Static Discharge      Conj/Air       56%        N/A       1%          2
c - Swiftness             Air            56%        N/A       1%          3
d - Airstrike             Air            28%        N/A       1%          4
e - Freeze                Ice            100%       1d11      1%          1
f - Call Imp              Summ           56%        N/A       1%          2
g - Mephitic Cloud        Conj/Pois/Air  56%        N/A       1%          3
h - Olgreb's Toxic Radia  Pois           56%        N/A       1%          4
i - Yara's Violent Unrav  Hex/Tmut       28%        3d12      1%          5
Your spell library was empty.

Dungeon Overview and Level Annotations

Branches:
Dungeon (9/15)             Temple (1/1) D:7            Lair (1/6) D:8
    Orc: D:9-12

Altars:
Ashenzari
Cheibriados
Dithmenos
Elyvilon
Fedhas
Gozag
Hepliaklqana
Kikubaaqudgha
Makhleb
Nemelex Xobeh
Okawaru
Qazlal
Ru
Sif Muna
Trog
Uskayaw
Vehumet
Wu Jian
Xom
Yredelemnul
The Shining One

Shops:
D:8 [

Annotations:
D:4 2 transporters, zhov's ghost, amateur SpHu


Innate Abilities, Weirdness & Mutations

You are immune to sickness and miasma.
You are immune to poison.
Your flesh is very heat resistant. (rF++)
You are vulnerable to cold. (rC-)
You float through the air rather than walking.
You learn spells naturally, not from books.
Your magical power is your life essence.
You have superior vitality. (+4 MHP)


Message History

Casting: Airstrike (mildly dangerous; 1% risk of failure)
Confirm with . or Enter, or press ? or * to list all spells.
Aiming: Airstrike (mildly dangerous; 1% risk of failure)
Press: ? - help, Dir - move target, f/p - cane toad
Aim: a cane toad (severely wounded, empty space bonus: 4/8)
The air twists around and strikes the cane toad!
The cane toad is almost dead.
The yak looks as sick as possible! x2
The water moccasin bites you but does no damage.
Your toxic aura wanes.
You kill the yak!
Makhleb accepts your kill.
The water moccasin bites you but does no damage.
The yak barely misses you.
The water moccasin bites you but does no damage.
You kill the yak!
Makhleb accepts your kill.
Found a condenser vane.
You kill the yak!
Makhleb accepts your kill.
Your Fighting skill increases to level 10!
A polar bear comes into view.
Casting: Airstrike (mildly dangerous; 1% risk of failure)
Confirm with . or Enter, or press ? or * to list all spells.
Aiming: Airstrike (mildly dangerous; 1% risk of failure)
Press: ? - help, Dir - move target, f - polar bear
Aim: a polar bear (wandering, hasn't noticed you, empty space bonus: 8/8)
The air twists around and strikes the polar bear!!
The polar bear is heavily wounded.
* * * LOW HITPOINT WARNING * * *
You hear an angry growl.
Makhleb accepts your kill.
You feel a bit more experienced. The water moccasin bites you.
* * * LOW HITPOINT WARNING * * *
A polar bear comes into view.
The cane toad stings you!
* * * LOW HITPOINT WARNING * * *
There is a staircase back to the Dungeon here.
The cane toad stings you!!
You die...

♣.♣ ♣♣ #..# .
...###.#####..# .#
..............###.####
......................
...............h......
..............÷.......
.........YY...........
.........†F...########
#.###..F##Y@h#........
.........#S..÷........
.........F............
#^.......#...#........
#........#...#........
......................
.............#........
#.#..##.#....##.####..
..} ........ ..


Y You could see 2 polar bears, 3 yaks, 2 cane toads and a water moccasin.

Vanquished Creatures
  A hydra (Lair:1)
  4 lindwurms (D:8)
  A troll (D:8)
  A shadow (D:9)
  11 yaks (Lair:1)
  A steam dragon (D:8)
  Edmund (D:6)
  3 water moccasins
  An orc warrior (D:8)
  3 ice beasts
  7 ogres
  3 black bears
  A sky beast (D:7)
  3 wolves (D:8)
  A centaur (D:8)
  A phantom (D:6)
  2 kobold brigands
  3 bullfrogs
  3 scorpions (D:6)
  2 necrophages
  4 wights (D:3)
  An electric eel (D:8)
  7 hounds
  3 orc priests
  5 jellies
  6 iguanas
  7 orc wizards
  7 gnolls
  5 adders
  2 shadow imps
  A white imp (D:7)
  3 worms
  2 dart slugs (D:1)
  28 orcs
  6 endoplasms
  7 giant cockroaches
  5 goblins
  9 hobgoblins
  15 jackals
  A quokka (D:5)
  8 ball pythons
  6 bats
  6 frilled lizards
  13 kobolds
  4 rats
  A spectral orc (D:3)
215 creatures vanquished.

Vanquished Creatures (others)
  2 fungi (Lair:1)
  2 plants (Lair:1)
4 creatures vanquished.

Grand Total: 219 creatures vanquished

Notes
Turn   | Place    | Note
-------+----------+-------------------------------------------
     0 | D:1      | riojii the Djinni Air Elementalist began the quest for the
                  | Orb.
     0 | D:1      | riojii set off with the following spells memorised: Shock,
                  | Static Discharge, Swiftness, Airstrike.
     0 | D:1      | Reached XP level 1. HP: 15/15 MP: 0/0
    91 | D:1      | Reached XP level 2. HP: 8/22 MP: 0/0
   436 | D:1      | Reached skill level 1 in Fighting
   698 | D:1      | Reached skill level 3 in Spellcasting
   698 | D:1      | Reached XP level 3. HP: 17/27 MP: 0/0
   698 | D:1      | Learned a level 1 spell: Freeze
  1692 | D:2      | Reached XP level 4. HP: 29/33 MP: 0/0
  1954 | D:3      | Found a bloodstained altar of Trog.
  1975 | D:3      | Noticed a wight
  1983 | D:3      | Killed a wight
  1984 | D:3      | Reached XP level 5. HP: 26/39 MP: 0/0
  1984 | D:3      | Learned a level 2 spell: Call Imp
  2191 | D:3      | Found a hide-covered altar of Uskayaw.
  2254 | D:3      | Reached skill level 4 in Spellcasting
  2254 | D:3      | Reached XP level 6. HP: 36/45 MP: 0/0
  2710 | D:3      | Found a basalt altar of Yredelemnul.
  3049 | D:4      | Reached XP level 7. HP: 24/50 MP: 0/0
  3049 | D:4      | Learned a level 3 spell: Mephitic Cloud
  3433 | D:4      | Reached skill level 5 in Spellcasting
  3709 | D:4      | Reached XP level 8. HP: 53/58 MP: 0/0
  3832 | D:4      | Reached skill level 6 in Spellcasting
  4012 | D:4      | Noticed zhov's ghost (amateur SpHu)
  4014 | D:4      | Identified the +8 great mace of Stickiness {protect, Fly
                  | rC+}
  4071 | D:4      | Found a transporter.
  4073 | D:4      | Found a transporter.
  4268 | D:5      | Entered Level 5 of the Dungeon
  4326 | D:5      | Reached skill level 5 in Fighting
  5616 | D:5      | Found a hazy altar of Hepliaklqana.
  5618 | D:5      | Found a snail-covered altar of Cheibriados.
  6296 | D:5      | Reached skill level 7 in Spellcasting
  6296 | D:5      | Reached XP level 9. HP: 33/66 MP: 0/0
  6296 | D:5      | Learned a level 4 spell: Olgreb's Toxic Radiance
  7667 | D:6      | Found a sparkling altar of Nemelex Xobeh.
  8243 | D:6      | Reached skill level 8 in Spellcasting
  8442 | D:6      | Noticed Edmund
  8448 | D:6      | Killed Edmund
  8934 | D:7      | Found a staircase to the Ecumenical Temple.
  8946 | Temple   | Entered the Ecumenical Temple
  9249 | D:7      | Found an opulent altar of Gozag.
  9373 | D:7      | Found a flagged portal.
  9493 | D:7      | Reached XP level 10. HP: 62/75 MP: 0/0
 10220 | D:7      | Found a shimmering altar of Xom.
 10222 | D:7      | Found a stormy altar of Qazlal.
 10222 | D:7      | Found a stormy altar of Qazlal.
 10241 | D:7      | Found a sacrificial altar of Ru.
 10241 | D:7      | Found a shimmering altar of Xom.
 10241 | D:7      | Found a shimmering altar of Xom.
 10449 | D:8      | Reached skill level 9 in Spellcasting
 10769 | D:8      | Noticed a lindwurm
 10773 | D:8      | Noticed a lindwurm
 10774 | D:8      | Noticed a lindwurm
 10776 | D:8      | Noticed a lindwurm
 10783 | D:8      | Killed a lindwurm
 11083 | D:8      | Killed a lindwurm
 11089 | D:8      | Killed a lindwurm
 11330 | D:8      | Killed a lindwurm
 11331 | D:8      | Reached skill level 10 in Spellcasting
 11723 | D:8      | Reached XP level 11. HP: 72/84 MP: 0/0
 11723 | D:8      | Learned a level 5 spell: Yara's Violent Unravelling
 12259 | D:8      | Found a staircase to the Lair.
 12464 | D:8      | Found Wiyratt's Armour Boutique.
 12632 | D:9      | Found a burning altar of Makhleb.
 12636 | D:9      | Became a worshipper of Makhleb the Destroyer
 12672 | Lair:1   | Entered Level 1 of the Lair of Beasts
 12938 | Lair:1   | Noticed a four-headed hydra
 12964 | Lair:1   | Killed a four-headed hydra
 12965 | Lair:1   | Reached skill level 11 in Spellcasting
 13282 | Lair:1   | Reached skill level 10 in Fighting
 13286 | Lair:1   | Mangled by a cane toad

Illustrated notes

Levels and vault maps discovered:
D:1:      scummos_arrival_forest, layout_basic
D:2:      layout_basic, serial_park_tiny_2
D:3:      layout_rooms, nicolae_uskayaw_suspiria, bloody_trog,
          yredelemnul_forgotten_temple_becter
D:4:      layout_basic, gammafunk_ghost_smash
D:5:      layout_loops_cross, mainiacjoe_overflow_surrounded_room,
          mainiacjoe_overflow_catwalk_spiral, portal_sewer_entry_f
D:6:      layout_basic, nemelex_dance_club_becter, led_sif_pool, uniq_edmund
D:7:      layout_gridville, grunt_gozag_breadcrumbs, doesnt_xom_only_xom,
          minmay_temple_entry_sparse_star, enter_bailey_2, serial_park_tiny_2
D:8:      layout_cave_pods, erik_lair_island, serial_shops, nicolae_shop_trees,
          minmay_lindwurm_lava
D:9:      layout_basic, general_overflow_altar, mainiacjoe_overflow_brackets,
          erik_orc_1, serial_shops, nicolae_square_shop, kennysheep_mini,
          minmay_fractal_squares_gapless_5
Temple:   dpeg_chambers_temple
Lair:1:   dragon1_lemuel, layout_regular_city, hangedman_tree_tricks,
          gammafunk_lair_bear_cave

Skill      XL: |  1  2  3  4  5  6  7  8  9 10 11 |
---------------+----------------------------------+-----
Fighting       | 1 2 3 4 5 7 9 10 | 10.0
Spellcasting   | 3 4 5 7 8 10 11 | 11.2
Dodging        | |  2.1
Stealth        | |  1.5

Action                   |  1- 3 |  4- 6 |  7- 9 | 10-12 || total
-------------------------+-------+-------+-------+-------++-------
 Cast: Shock             |    74 |    58 |    78 |     4 ||   214
       Static Discharge  |     5 |     9 |    20 |       ||    34
       Mephitic Cloud    |       |       |     1 |       ||     1
       Airstrike         |       |       |   107 |   103 ||   210
       Olgreb's Toxic Ra |       |       |     4 |    10 ||    14
       Swiftness         |       |       |       |     1 ||     1
  Use: Potion            |     1 |     1 |       |     1 ||     3
       Scroll            |     1 |       |    15 |     2 ||    18
Armor: Robe              |     1 |     1 |     5 |     5 ||    12
Dodge: Dodged            |     6 |    13 |    10 |    18 ||    47

Table legend: (Time is in decaauts)
 A = Elapsed time spent in this place.
 B = Non-inter-level travel time spent in this place.
 C = Inter-level travel time spent in this place.
 D = Time resting spent in this place.
 E = Time spent auto-exploring this place.
 F = Levels seen in this place.
 G = Mean time per level.
                   A        B        C        D        E       F      G
               +--------+--------+--------+--------+--------+-----+--------+
         Total |  13272 |  13029 |    243 |   1379 |  10580 |  11 | 1206.5 |
       Dungeon |  12708 |  12477 |    231 |   1379 |  10108 |   9 | 1412.0 |
        Temple |    252 |    241 |     11 |      0 |    233 |   1 |  252.0 |
          Lair |    311 |    311 |      0 |      0 |    239 |   1 |  311.0 |
               +--------+--------+--------+--------+--------+-----+--------+

Top non-repeatable levels by time:
     D:8: 2463 daAuts
     D:5: 2113 daAuts
     D:6: 1917 daAuts
     D:4: 1860 daAuts
     D:7: 1408 daAuts
     D:2: 1105 daAuts
     D:1: 1051 daAuts
     D:3: 734 daAuts
  Lair:1: 311 daAuts
  Temple: 252 daAuts
     D:9: 54 daAuts
